 Dungeon Crawl Stone Soup version 0.28-a0-863-g8cecda6153 (webtiles) character file.

Game seed: 7542883394402339147

1383 kae the Frost Mage (level 8, -1/61 HPs)
             Began as a Merfolk Ice Elementalist on Nov 18, 2021.
             Was a Follower of Okawaru.
             Slain by a yak (4 damage)
             ... on level 5 of the Dungeon.
             The game lasted 00:04:40 (7224 turns).

kae the Frost Mage (Merfolk Ice Elementalist)       Turns: 7224, Time: 00:04:40

Health: -1/61      AC: 14    Str: 10    XL:     8   Next: 67%
Magic:  1/15       EV: 12    Int: 14    God:    Okawaru [*.....]
Gold:   123        SH:  0    Dex: 15    Spells: 9/16 levels left

rFire   + . .      SeeInvis +   b - +1 spear
rCold   . . .      Faith    .   (no shield)
rNeg    . . .      Spirit   .   i - +2 leather armour {rF+}
rPois   .          Reflect  .   (no helmet)
rElec   .          Harm     .   (no cloak)
rCorr   .          Rampage  .   (no gloves)
Will    .....                   (no boots)
Stlth   ++........              (no amulet)
HPRegen 0.20/turn               p - ring of see invisible
MPRegen 0.14/turn               h - +4 ring of protection

@: ice-armoured, flying
A: (nimble swimmer 2), mertail
a: Renounce Religion, Heroism


You were on level 5 of the Dungeon.
You worshipped Okawaru.
Okawaru was aware of your devotion.
You visited 2 branches of the dungeon, and saw 6 of its levels.

You collected 123 gold pieces.

Inventory:

Hand Weapons
 b - a +1 spear (weapon)
 c - a +0 dagger
Missiles
 g - a throwing net
Armour
 a - a +0 robe
 i - a +2 leather armour of fire resistance (worn)
Jewellery
 e - a ring of fire
 h - a +4 ring of protection (right hand)
 o - a ring of flight
 p - a ring of see invisible (left hand)
Scrolls
 f - 2 scrolls of fog
 s - 3 scrolls of teleportation {unknown}
Potions
 d - a potion of lignification
 j - 2 potions of flight
 k - 3 potions of heal wounds {unknown}
 l - 2 potions of haste {unknown}
 m - a potion of might {unknown}
 n - 2 potions of mutation {unknown}
 q - 3 potions of curing {unknown}


   Skills:
 + Level 4.8 Fighting
 * Level 6.0 Polearms
 - Level 2.6 Dodging
 - Level 2.1 Stealth
 + Level 4.6 Spellcasting
 * Level 8.5 Ice Magic


You had 9 spell levels left.
You knew the following spells:

 Your Spells              Type           Power      Damage    Failure   Level
a - Freeze                Ice            100%       1d11      1%          1
b - Frozen Ramparts       Ice            54%        1d7       2%          3
c - Ozocubu's Armour      Ice            27%        N/A       2%          3

Your spell library contained the following spells:

 Spells                   Type           Power      Damage    Failure   Level
 Pain                     Necr           12%        1d4       24%         1
 Sting                    Tmut/Pois      12%        1d3       24%         1
 Poisonous Vapours        Pois/Air       6%         N/A       36%         2
 Static Discharge         Conj/Air       3%         N/A       36%         2
 Hailstorm                Conj/Ice       15%        3d5       38%         4
 Mephitic Cloud           Conj/Pois/Air  3%         N/A       58%         3
 Vampiric Draining        Necr           3%         2d6       58%         3
 Olgreb's Toxic Radiance  Pois           3%         N/A       94%         4
 Animate Skeleton         Necr           Unusable   N/A       N/A         1

Dungeon Overview and Level Annotations

Branches:
Dungeon (5/15)             Temple (1/1) D:4

Altars:
Ashenzari
Elyvilon
Gozag
Hepliaklqana
Makhleb
Nemelex Xobeh
Okawaru
Sif Muna
Trog
Yredelemnul
Zin
The Shining One

Shops:
D:1 *

Annotations:
D:4 Menkaure


Innate Abilities, Weirdness & Mutations

((You are quick and stealthy near water. (Stealth+, EV+, Speed+++)))
Your lower body shifts to a powerful aquatic tail in water.


Message History

The yak is moderately wounded.
The yak closely misses you.
Casting: Freeze (safe; 1% risk of failure)
Confirm with . or Enter, or press ? or * to list all spells.
Aiming: Freeze (safe; 1% risk of failure)
Press: ? - help, Shift-Dir - straight line, f/p - yak
Aim: a yak (moderately wounded)
You freeze the yak!
The yak is heavily wounded.
The yak barely misses you.
Casting: Freeze (safe; 1% risk of failure)
Confirm with . or Enter, or press ? or * to list all spells.
Aiming: Freeze (safe; 1% risk of failure)
Press: ? - help, Shift-Dir - straight line, f/p - yak
Aim: a yak (heavily wounded)
You freeze the yak.
The yak is heavily wounded.
The yak barely misses you.
You hit the yak.
The yak is severely wounded.
The yak gores you!
* * * LOW HITPOINT WARNING * * *
You hit the yak.
The yak is severely wounded.
You hit the yak.
The yak is severely wounded.
The yak gores you!
* * * LOW HITPOINT WARNING * * *
Your magical contamination has completely faded away.
Your icy armour will break if you move.
Continue? [Y]es or [N]o only, please.
Your icy armour will break if you move.
Continue?
Okay, then.
As you read the scroll labelled QIDEF WAFAUWK, it crumbles to dust.
It is a scroll of enchant weapon.
Your +0 spear glows red for a moment.
The yak gores you but does no damage.
It was a potion of flight.
You feel very buoyant.
You fly up into the air.
The yak gores you.
You die...

###.### #####.#### #.
#....<...# #.
##....##.#.#### .#.
.###...###...###. . #
.#.###.#.....#.### #.
#...#...#...#...#. #..
#####...#...#####...#.
#...#...#@..#...#...#...#.
#....Y#.###.#.....#.###
##...###...###...###...
#.###.#.....#.###.#.... #.
#...#...#...#...#... #
#...#####...#...#### #.
#...#...#.. #.(.#...
#.###.#.....#. ##.#....
##...###...### .###...


You could see a yak.

Vanquished Creatures
  3 yaks (D:5)
  A sky beast (D:5)
  2 necrophages (D:5)
  A centaur (D:4)
  An ogre (D:5)
  A scorpion (D:5)
  A water moccasin skeleton (D:5)
  A centaur zombie (D:4)
  2 hounds (D:4)
  A centaur skeleton (D:4)
  2 iguanas (D:4)
  A scorpion zombie (D:5)
  Robin (D:4)
  7 gnolls
  6 adders
  An adder zombie (D:5)
  5 worms
  A dart slug (D:1)
  4 orcs (D:4)
  7 endoplasms
  3 giant cockroaches
  10 goblins
  8 hobgoblins
  5 quokkas
  8 ball pythons
  7 bats
  2 frilled lizards
  6 kobolds
  3 rats
101 creatures vanquished.

Notes
Turn   | Place    | Note
-------+----------+-------------------------------------------
     0 | D:1      | kae the Merfolk Ice Elementalist began the quest for the
                  | Orb.
     0 | D:1      | Reached XP level 1. HP: 13/13 MP: 3/3
    41 | D:1      | Found Cuxkemm's Assorted Antiques.
   521 | D:1      | Reached XP level 2. HP: 20/20 MP: 3/5
   887 | D:1      | Found a faded altar of an unknown god.
   944 | D:1      | Reached skill level 1 in Fighting
  1321 | D:1      | Reached skill level 5 in Ice Magic
  1321 | D:1      | Reached XP level 3. HP: 9/26 MP: 1/6
  1631 | D:1      | Learned a level 3 spell: Frozen Ramparts
  2469 | D:2      | Reached XP level 4. HP: 11/32 MP: 1/7
  2694 | D:2      | Learned a level 3 spell: Ozocubu's Armour
  3750 | D:3      | Found an iron altar of Okawaru.
  4229 | D:4      | Reached XP level 5. HP: 22/38 MP: 9/9
  4485 | D:4      | Reached skill level 6 in Ice Magic
  4711 | D:4      | Noticed Robin
  4834 | D:4      | Killed Robin
  5005 | D:4      | Reached XP level 6. HP: 34/46 MP: 6/10
  5096 | D:4      | Got the Handbook of Lightness
  5109 | D:4      | Found a staircase to the Ecumenical Temple.
  5301 | D:4      | Found a sparkling altar of Nemelex Xobeh.
  5315 | D:4      | Reached skill level 7 in Ice Magic
  5637 | D:4      | Reached XP level 7. HP: 52/52 MP: 8/12
  5723 | D:4      | Noticed Menkaure
  6161 | Temple   | Entered the Ecumenical Temple
  6266 | D:3      | Became a worshipper of Warmaster Okawaru
  6342 | D:5      | Entered Level 5 of the Dungeon
  6383 | D:5      | Reached skill level 1 in Polearms
  6654 | D:5      | Reached * piety under Okawaru
  6849 | D:5      | Reached XP level 8. HP: 47/60 MP: 5/14
  7185 | D:5      | Noticed a yak
  7194 | D:5      | Noticed a yak
  7195 | D:5      | Noticed a yak
  7197 | D:5      | Noticed a yak
  7200 | D:5      | Reached skill level 8 in Ice Magic
  7209 | D:5      | Killed a yak
  7210 | D:5      | Reached skill level 5 in Polearms
  7213 | D:5      | Killed a yak
  7216 | D:5      | Killed a yak
  7222 | D:5      | HP: 3/61 [yak (12)]
  7224 | D:5      | Slain by a yak

Illustrated notes

Levels and vault maps discovered:
D:1:      dpeg_arrival_rooms_a, layout_basic,
          hellmonk_ecumenical_altar_inner_sanctum, serial_shops,
          nicolae_diamond_shop
D:2:      layout_basic
D:3:      layout_loops_ring, okawaru_trees_1
D:4:      layout_loops_corners, mainiacjoe_overflow_small_starburst,
          minmay_temple_entry_enclosed_plants, chequers_decorated_corner,
          feat_on_display, uniq_crazy_yiuf_cottage, uniq_robin, uniq_menkaure
D:5:      nicolae_cairo_tiling, layout_loops_cross, st_stairs_10
Temple:   compressed_dpeg_circular_temple

Skill      XL: |  1  2  3  4  5  6  7  8 |
---------------+-------------------------+-----
Fighting       | 1 2 3 4 |  4.8
Ice Magic      | 5 6 7 8 |  8.5
Spellcasting   | 3 4 |  4.6
Polearms       | 4 6 |  6.0
Dodging        | |  2.6
Stealth        | |  2.1

Action                   |  1- 3 |  4- 6 |  7- 9 || total
-------------------------+-------+-------+-------++-------
Melee: Unarmed           |     4 |       |       ||     4
       Dagger            |    49 |   148 |       ||   197
       Spear             |       |       |   117 ||   117
 Cast: Freeze            |    41 |    49 |    18 ||   108
       Frozen Ramparts   |       |     6 |    11 ||    17
       Ozocubu's Armour  |       |       |     4 ||     4
  Use: Scroll            |       |     7 |     2 ||     9
       Potion            |       |       |     1 ||     1
 Stab: Sleeping          |     5 |     2 |       ||     7
       Distracted        |       |     1 |       ||     1
Armor: Robe              |    11 |       |       ||    11
       Leather armour    |       |    91 |    40 ||   131
Dodge: Dodged            |    39 |   155 |    60 ||   254

Table legend: (Time is in decaauts)
 A = Elapsed time spent in this place.
 B = Non-inter-level travel time spent in this place.
 C = Inter-level travel time spent in this place.
 D = Time resting spent in this place.
 E = Time spent auto-exploring this place.
 F = Levels seen in this place.
 G = Mean time per level.
                   A        B        C        D        E       F      G
               +--------+--------+--------+--------+--------+-----+--------+
         Total |   7214 |   6940 |    274 |    533 |   5501 |   6 | 1202.3 |
       Dungeon |   7132 |   6865 |    267 |    533 |   5435 |   5 | 1426.4 |
        Temple |     81 |     75 |      6 |      0 |     66 |   1 |   81.0 |
               +--------+--------+--------+--------+--------+-----+--------+

Top non-repeatable levels by time:
     D:4: 2166 daAuts
     D:1: 1853 daAuts
     D:2: 1511 daAuts
     D:5: 874 daAuts
     D:3: 727 daAuts
  Temple: 81 daAuts
